 Dungeon Crawl Stone Soup version 0.28.0-45-g0d030f2227 (webtiles) character file.

Game seed: 13035433970105053650

2 Applezztry the Sneak (level 1, 0/13 HPs)
             Began as a Vampire Enchanter on Apr 14, 2022.
             Slain by a jackal (1 damage)
             ... on level 1 of the Dungeon.
             The game lasted 00:01:27 (155 turns).

Applezztry the Sneak (Vampire Enchanter)             Turns: 155, Time: 00:01:27

Health: 0/13       AC:  2    Str:  7    XL:     1   Next: 25%
Magic:  3/3        EV: 12    Int: 17    God:
Gold:   9          SH:  0    Dex: 14    Spells: 4/4 levels left

rFire   . . .      SeeInvis +   a - +1 dagger
rCold   . . .      Faith    .   (no shield)
rNeg    . . .      Spirit   .   b - +0 robe
rPois   .          Reflect  .   (no helmet)
rElec   .          Harm     .   (no cloak)
rCorr   .          Rampage  .   (no gloves)
Will    .....                   (no boots)
Stlth   +++.......              (no amulet)
HPRegen 0.24/turn               (no ring)
MPRegen 0.08/turn               (no ring)

@: healing quickly
A: alive, fangs 3, see invisible, vampiric 1
a: Exsanguinate


You were on level 1 of the Dungeon.
You visited 1 branch of the dungeon, and saw 1 of its levels.

You collected 9 gold pieces.

Inventory:

Hand Weapons
 a - a +1 dagger (weapon)
Missiles
 d - 4 stones (quivered)
 e - 3 atropa-tipped darts
Armour
 b - a +0 robe (worn)
Scrolls
 f - a scroll of identify {unknown}
Potions
 c - a potion of invisibility


   Skills:
 + Level 1.1 Short Blades
 + Level 2.1 Dodging
 + Level 4.5 Stealth
 + Level 2.0 Spellcasting
 + Level 4.5 Hexes


You had 4 spell levels left.
You didn't know any spells.
Your spell library contained the following spells:

 Spells                   Type           Power      Damage    Failure   Level
 Confusing Touch          Hex            17%        N/A       9%          3
 Tukima's Dance           Hex            17%        N/A       9%          3
 Ensorcelled Hibernation  Hex/Ice        18%        N/A       12%         2
 Dazzling Flash           Conj/Hex       18%        N/A       22%         3


Dungeon Overview and Level Annotations

Branches:
Dungeon (1/15)

Altars:


Innate Abilities, Weirdness & Mutations

Your natural rate of healing is accelerated.
You have razor-sharp teeth.
You have supernaturally acute eyesight. (SInv)
You are afflicted with vampirism.


Message History

Aim: a jackal (50% to hit)
You throw a stone.
The stone hits the jackal but does no damage.
The jackal bites you. The jackal misses you.
Throw: 6 stones
Press: ? - help, Q - select action, (/) - cycle Shift-Dir - straight line, p - jackal You throw a stone.
The stone hits the jackal but does no damage.
The jackal barely misses you. The jackal misses you.
The jackal closely misses you. The jackal barely misses you.
The jackal bites you. The jackal closely misses you.
The jackal closely misses you. The jackal closely misses you.
The jackal barely misses you.
The jackal bites you but does no damage.
The jackal bites you but does no damage.
Throw: 5 stones
Press: ? - help, Q - select action, (/) - cycle Shift-Dir - straight line, f - jackal
Aim: a jackal (50% to hit)
You throw a stone.
The stone hits the jackal but does no damage.
The jackal barely misses you. The jackal bites you.
You barely miss the jackal. Your bite misses the jackal. The jackal misses you.
The jackal bites you. The jackal closely misses you. The jackal misses you.
You hit the jackal.
The jackal is lightly wounded.
The jackal closely misses you. The jackal bites you.
* * * LOW HITPOINT WARNING * * *
The jackal closely misses you.
You barely miss the jackal.
The jackal is lightly wounded.
The jackal closely misses you. The jackal bites you.
* * * LOW HITPOINT WARNING * * *
The jackal bites you.
* * * LOW HITPOINT WARNING * * *
The jackal bites you but does no damage.
The jackal barely misses you. The jackal bites you.
You die...

#.#........... #.#
#..#......... #..# #...#...#...
#...# #....#...#..#....#
#.....#.#.##.....#
#......#...#.....#
#...#.#.....#...#
####h...#.......#.#
##.hh@#...#.<.#...#
##...#h.#...#.#...#...#
#######....#...#...#...#..!.#
##.....#....#....#.....#.....#
##.......>...#.....#...##.....#
#.......†....#....#.#.#..#....#
#............#...#...#....#...#
#............#..#...#.#....#..#
#............#.#...#.. .... #.#


You could see 4 jackals.

Vanquished Creatures
  A hobgoblin (D:1)
  A ball python (D:1)
2 creatures vanquished.

Notes
Turn   | Place    | Note
-------+----------+-------------------------------------------
     0 | D:1      | Applezztry the Vampire Enchanter began the quest for the
                  | Orb.
     0 | D:1      | Reached XP level 1. HP: 13/13 MP: 3/3
   155 | D:1      | Slain by a jackal

Illustrated notes

Levels and vault maps discovered:
D:1:      matt_arrival_diagonals, layout_rooms,
          shapermc_ecumenical_altar_starsandcircs, minmay_hexomino_c4

Action                   || total
-------------------------++-------
Melee: Dagger            ||    10
Throw: Stone             ||    17
Armor: Robe              ||     5
Dodge: Dodged            ||    21
